 Dungeon Crawl Stone Soup version 0.29-a0-495-g17b79114eb (webtiles) character file.

Game seed: 1027943790395858172

21941 croobank the Covert (level 12, -4/97 HPs)
             Began as a Gnoll Delver on May 27, 2022.
             Slain by a yak (10 damage)
             ... on level 2 of the Lair of Beasts.
             The game lasted 01:04:50 (17902 turns).

croobank the Covert (Gnoll Delver)                 Turns: 17902, Time: 01:05:01

Health: -4/97      AC: 15    Str: 11    XL:     12   Next: 95%
Magic:  0/32       EV: 15    Int: 14    God:
Gold:   658        SH:  6    Dex: 15    Spells: 2/26 levels left

rFire   . . .      SeeInvis .   a - +9 rapier of Disorder {vorpal, rElec rPois Stlth+}
rCold   + . .      Faith    .   S - +0 buckler
rNeg    . . .      Spirit   +   e - +1 leather armour {rC+}
rPois   +          Reflect  .   (no helmet)
rElec   +          Harm     .   m - +2 cloak
rCorr   .          Rampage  .   F - +0 pair of gloves
Will    .....                   G - +0 pair of boots
Stlth   ++++++....              x - amulet of guardian spirit
HPRegen 0.26/turn               n - +4 ring of protection
MPRegen 0.23/turn               i - ring of magical power

@: very slightly contaminated
A: fangs 1, strong nose, distributed training
a: no special abilities


You were on level 2 of the Lair of Beasts.
You visited 2 branches of the dungeon, and saw 14 of its levels.

You collected 763 gold pieces.
You spent 105 gold pieces at shops.

Inventory:

Hand Weapons
 a - the +9 rapier of Disorder (weapon) {vorpal, rElec rPois Stlth+}
   (You took it off an orc on level 7 of the Dungeon)

   It inflicts extra damage upon your enemies.
   rElec:     It insulates you from electricity.
   rPois:     It protects you from poison.
   Stlth:     It makes you more stealthy.
 p - a +1 battleaxe of freezing
 s - a +4 war axe
 u - a +0 great sword
 A - a +1 dagger of speed
 U - a +0 hand axe of freezing
Missiles
 Y - a curare-tipped dart (quivered)
Armour
 e - a +1 leather armour of cold resistance (worn)
 k - a +0 ring mail
 m - a +2 cloak (worn)
 q - +0 acid dragon scales
 r - a +3 troll leather armour {Snorg}
 y - a +0 kite shield
 C - a +1 robe of willpower
 D - a +0 plate armour
 F - a +0 pair of gloves (worn)
 G - a +0 pair of boots (worn)
 R - a +2 robe of cold resistance
 S - a +0 buckler (worn)
Magical Staves
 f - a staff of conjuration
Jewellery
 b - a ring of positive energy
 c - an amulet of reflection
 i - a ring of magical power (right hand)
 n - a +4 ring of protection (left hand)
 o - a ring of fire
 x - an amulet of guardian spirit (around neck)
 E - a ring of protection from fire
 K - a ring of flight
 N - a ring of willpower
Wands
 g - a wand of digging (3)
 j - a wand of polymorph (1)
 t - a wand of flame (11)
 I - a wand of charming (16)
Scrolls
 d - 3 scrolls of silence
 v - a scroll of fear
 w - 6 scrolls of teleportation
 J - a scroll of fog
 M - a scroll of blinking
 O - 5 scrolls of poison
 V - 2 scrolls of immolation
 X - a scroll of magic mapping
Potions
 h - 4 potions of flight
 l - a potion of invisibility
 z - 3 potions of brilliance
 B - a potion of heal wounds
 H - a potion of mutation
 L - 5 potions of curing
 P - a potion of magic
 Q - 2 potions of resistance
 T - 3 potions of lignification
 W - 3 potions of berserk rage
 Z - a potion of attraction


   Skills:
 + Level 10.2 Fighting
 + Level 7.8 Short Blades
 + Level 7.8 Long Blades
 + Level 9.1 Axes
 + Level 7.8 Maces & Flails
 + Level 7.8 Polearms
 + Level 7.8 Staves
 + Level 7.8 Slings
 + Level 7.8 Bows
 + Level 7.8 Crossbows
 + Level 7.8 Throwing
 + Level 7.8 Armour
 + Level 9.1 Dodging
 + Level 12.2 Stealth
 + Level 7.8 Shields
 + Level 7.8 Unarmed Combat
 + Level 7.8 Spellcasting
 + Level 6.4 Conjurations
 + Level 6.4 Hexes
 + Level 6.4 Summonings
 + Level 6.4 Necromancy
 + Level 6.4 Translocations
 + Level 6.4 Transmutations
 + Level 6.4 Fire Magic
 + Level 6.4 Ice Magic
 + Level 6.4 Air Magic
 + Level 6.4 Earth Magic
 + Level 6.4 Poison Magic
 + Level 8.5 Invocations
 + Level 7.8 Evocations


You had 2 spell levels left.
You knew the following spells:

 Your Spells              Type           Power      Damage    Failure   Level
a - Beastly Appendage     Tmut           46%        N/A       1%          1
b - Fulminant Prism       Conj/Hex       11%        3d9       14%         4
c - Spider Form           Tmut/Pois      23%        N/A       4%          3
d - Foxfire               Conj/Fire      92%        2x1d8     1%          1
e - Frozen Ramparts       Ice            46%        1d6       4%          3
f - Flame Wave            Conj/Fire      23%        2d7       14%         4
g - Summon Ice Beast      Ice/Summ       23%        N/A       14%         4
h - Ice Form              Ice/Tmut       23%        N/A       14%         4

Your spell library contained the following spells:

 Spells                   Type           Power      Damage    Failure   Level
 Magic Dart               Conj           92%        1d7       1%          1
 Shock                    Conj/Air       92%        1d8       1%          1
 Searing Ray              Conj           46%        2d6       2%          2
 Wereblood                Tmut           23%        N/A       2%          2
 Conjure Flame            Conj/Fire      23%        6-21      4%          3
 Ignite Poison            Fire/Tmut/Pois 23%        N/A       4%          3
 Inner Flame              Hex/Fire       23%        N/A       4%          3
 Mephitic Cloud           Conj/Pois/Air  23%        N/A       4%          3
 Swiftness                Air            23%        N/A       4%          3
 Airstrike                Air            11%        N/A       14%         4
 Freezing Cloud           Conj/Ice/Air   11%        6-21      36%         5


Dungeon Overview and Level Annotations

Branches:
Dungeon (12/15)            Temple (0/1) D:4            Lair (2/6) D:8
  Swamp (0/4) Lair:2        Snake (0/4) Lair:2
    Orc: D:9-12

Altars:
Ashenzari
Dithmenos
Fedhas
Kikubaaqudgha
Makhleb
Nemelex Xobeh
Okawaru
Qazlal
Vehumet
Xom
Beogh

Shops:
D:3 ?   D:10 [

Annotations:
D:12 2 runed translucent doors
Lair:2 1 runed translucent door, Roefeuw's ghost, journeyman OgHu


Innate Abilities, Weirdness & Mutations

You have very sharp teeth.
Your uncanny sense of smell can sniff out nearby items.
Your experience applies equally to all skills.


Message History

The naga barely misses you.
The wall freezes the yak.
The yak gores you but does no damage. The yak barely misses you.
The naga spits poison at you.
The splash of poison hits you but does no damage.
You are poisoned.
You resist.
Your frozen ramparts will break if you move.
Continue?
Okay, then.
Your frozen ramparts will break if you move.
Continue?
The frozen ramparts melt away as you move.
You feel sick.
Your ice beast closely misses the naga.
The yak completely misses you. The yak gores you but does no damage.
You see here a yak corpse.
You feel sick.
Your ice beast hits the naga.
Your ice beast freezes the naga!
The yak gores you but does no damage.
You puncture the yak!
The yak is almost dead.
You feel sick.
Your ice beast hits the naga but does no damage.
The yak closely misses you. x2; The naga closely misses you.
Casting: Flame Wave (dangerous; 14% risk of failure)
Confirm with . or Enter, or press ? or * to list all spells.
Okay, then.
Aiming: Charm
Press: ? - help, Shift-Dir - straight line, f - yak
Aim: a yak (almost dead, chance to affect: 67%)
The yak is charmed.
You feel sick. The yak barely misses you. The naga closely misses you.
You hit the yak but do no damage.
The yak is almost dead.
You feel sick.
Your ice beast hits the naga but does no damage.
Your yak barely misses the yak.
The yak gores you but does no damage.
You feel sick.
You are no longer poisoned.
The naga hits you from afar with a +0 trident!!
* * * LOW HITPOINT WARNING * * *
Your ice beast hits the naga.
Your ice beast freezes the naga.
The yak gores you!
You die...

...#######...............
....#...##....##.........
..............#..........
.........................
.........................
.........................
.........................
......<..................
Y....#†Y@................
.Y.P.#NY.......>[........
.≈≈≈≈≈Y##.##..............
≈≈≈≈≈≈) N#####............
≈≈..≈N≈≈. ##...........
≈.....≈≈≈ #...........
≈.P..≈.≈≈ #...........
.≈.>...≈≈ ..... .......≈≈
.....


You could see a yak (ally target), 2 nagas, a friendly yak (charmed) and a
friendly ice beast (summoned).

Vanquished Creatures
  Snorg (D:11)
  2 boulder beetles
  A centaur warrior (D:8)
  2 two-headed ogres
  Pikel (D:5)
  A bog body (Lair:2)
  A deep elf pyromancer (D:12)
  2 cyclopes
  Joseph (D:7)
  Maurice (D:12)
  A cane toad (Lair:2)
  2 unseen horrors (D:10)
  4 komodo dragons
  2 trolls
  Prince Ribbit (D:6)
  3 blink frogs (Lair:2)
  4 wraiths
  A shadow (D:11)
  17 yaks
  A basilisk (Lair:1)
  A steam dragon (D:8)
  Menkaure (D:6)
  A naga (Lair:2)
  A warg (D:12)
  2 acid dragons
  2 swamp worms (Lair:2)
  8 water moccasins
  9 orc warriors
  2 ice beasts
  3 black bears
  A sky beast (D:6)
  3 wolves (Lair:1)
  3 ogres
  A lemure (D:6)
  4 centaurs
  2 phantoms
  Blork the orc (D:4)
  4 kobold brigands
  10 bullfrogs
  A gnoll sergeant (D:7)
  4 scorpions
  A necrophage (D:8)
  14 wights
  11 howler monkeys
  An electric eel (Lair:2)
  8 orc priests
  2 jellies
  2 gnoll shamans
  6 hounds
  3 iguanas
  14 orc wizards
  7 adders
  12 gnolls
  A shadow imp (D:6)
  4 white imps
  A dart slug (D:1)
  62 orcs
  3 giant cockroaches
  7 goblins
  7 hobgoblins
  2 jackals (D:5)
  21 kobolds
  6 quokkas
  10 ball pythons
  4 bats
  4 frilled lizards
  5 rats
331 creatures vanquished.

Vanquished Creatures (collateral kills)
  A hydra (Lair:2)
  A bog body (Lair:2)
  A swamp worm (Lair:2)
3 creatures vanquished.

Vanquished Creatures (others)
  2 orcs
  17 foxfires
  3 fulminant prisms
  25 fungi
  32 plants
79 creatures vanquished.

Grand Total: 413 creatures vanquished

Notes
Turn   | Place    | Note
-------+----------+-------------------------------------------
     0 | D:5      | Reached skill level 9 in Stealth
     0 | D:5      | croobank the Gnoll Delver began the quest for the Orb.
     0 | D:5      | Reached XP level 1. HP: 23/23 MP: 1/1
     4 | D:5      | Noticed a jelly
   143 | D:4      | Noticed a hound
   208 | D:4      | Noticed a scorpion
   234 | D:4      | Found a staircase to the Ecumenical Temple.
   605 | D:3      | Reached XP level 2. HP: 29/29 MP: 2/2
   846 | D:2      | Learned a level 1 spell: Beastly Appendage
  1004 | D:2      | Reached XP level 3. HP: 32/35 MP: 2/4
  1104 | D:1      | Found a faded altar of an unknown god.
  1126 | D:1      | Reached skill level 1 in Invocations
  1350 | D:1      | Reached skill level 1 in Short Blades
  1350 | D:1      | Reached skill level 1 in Long Blades
  1350 | D:1      | Reached skill level 1 in Maces & Flails
  1350 | D:1      | Reached skill level 1 in Polearms
  1350 | D:1      | Reached skill level 1 in Staves
  1350 | D:1      | Reached skill level 1 in Slings
  1350 | D:1      | Reached skill level 1 in Bows
  1350 | D:1      | Reached skill level 1 in Crossbows
  1350 | D:1      | Reached skill level 1 in Throwing
  1350 | D:1      | Reached skill level 1 in Armour
  1350 | D:1      | Reached skill level 1 in Shields
  1350 | D:1      | Reached skill level 1 in Unarmed Combat
  1350 | D:1      | Reached skill level 1 in Spellcasting
  1350 | D:1      | Reached skill level 1 in Evocations
  1513 | D:1      | Reached XP level 4. HP: 41/41 MP: 5/5
  2116 | D:3      | Found Dapry's Magic Scroll Emporium.
  2139 | D:3      | Bought a scroll of identify for 28 gold pieces
  2139 | D:3      | Bought a scroll of identify for 28 gold pieces
  2139 | D:3      | Bought a scroll of fear for 49 gold pieces
  2481 | D:3      | Learned a level 4 spell: Fulminant Prism
  2495 | D:3      | Reached skill level 1 in Conjurations
  2495 | D:3      | Reached skill level 1 in Hexes
  2495 | D:3      | Reached skill level 1 in Summonings
  2495 | D:3      | Reached skill level 1 in Necromancy
  2495 | D:3      | Reached skill level 1 in Translocations
  2495 | D:3      | Reached skill level 1 in Transmutations
  2495 | D:3      | Reached skill level 1 in Fire Magic
  2495 | D:3      | Reached skill level 1 in Ice Magic
  2495 | D:3      | Reached skill level 1 in Air Magic
  2495 | D:3      | Reached skill level 1 in Earth Magic
  2495 | D:3      | Reached skill level 1 in Poison Magic
  2618 | D:3      | Found a shimmering altar of Xom.
  2667 | D:3      | Reached XP level 5. HP: 47/47 MP: 6/6
  3169 | D:4      | Reached XP level 6. HP: 53/53 MP: 8/8
  3339 | D:4      | Reached skill level 5 in Axes
  3339 | D:4      | Reached skill level 5 in Dodging
  3677 | D:4      | Found a burning altar of Makhleb.
  3855 | D:4      | Noticed Blork the orc
  3866 | D:4      | Killed Blork the orc
  3867 | D:4      | Reached XP level 7. HP: 54/59 MP: 10/10
  4623 | D:5      | Found an iron altar of Okawaru.
  4626 | D:5      | Reached skill level 10 in Stealth
  4739 | D:5      | Found a radiant altar of Vehumet.
  5092 | D:5      | Found a sparkling altar of Nemelex Xobeh.
  5230 | D:6      | Reached XP level 8. HP: 67/67 MP: 12/12
  5237 | D:6      | Noticed Prince Ribbit
  5253 | D:6      | Killed Prince Ribbit
  5376 | D:6      | Noticed Menkaure
  5387 | D:6      | Killed Menkaure
  5714 | D:6      | Noticed a yak
  5715 | D:6      | Noticed a yak
  5723 | D:6      | Noticed a yak
  5734 | D:6      | Killed a yak
  5735 | D:6      | Reached XP level 9. HP: 72/72 MP: 14/14
  5745 | D:6      | Noticed Pikel
  5765 | D:6      | HP: 2/70 [yak (2)]
  6300 | D:7      | Noticed Joseph
  6788 | D:5      | Learned a level 3 spell: Spider Form
  6919 | D:5      | Killed Pikel
  6920 | D:5      | Reached skill level 5 in Invocations
  7196 | D:6      | Found a runed translucent door.
  7480 | D:7      | Noticed a boulder beetle
  7484 | D:7      | Upgraded the game from 0.29-a0-490-g77b3608bb8 to
                  | 0.29-a0-495-g17b79114eb
  7503 | D:7      | Killed a boulder beetle
  7504 | D:7      | Reached skill level 5 in Short Blades
  7504 | D:7      | Reached skill level 5 in Long Blades
  7504 | D:7      | Reached skill level 5 in Maces & Flails
  7504 | D:7      | Reached skill level 5 in Polearms
  7504 | D:7      | Reached skill level 5 in Staves
  7504 | D:7      | Reached skill level 5 in Slings
  7504 | D:7      | Reached skill level 5 in Bows
  7504 | D:7      | Reached skill level 5 in Crossbows
  7504 | D:7      | Reached skill level 5 in Throwing
  7504 | D:7      | Reached skill level 5 in Armour
  7504 | D:7      | Reached skill level 5 in Shields
  7504 | D:7      | Reached skill level 5 in Unarmed Combat
  7504 | D:7      | Reached skill level 5 in Spellcasting
  7504 | D:7      | Reached skill level 5 in Evocations
  7504 | D:7      | Reached XP level 10. HP: 32/81 MP: 17/17
  7673 | D:7      | Killed Joseph
  8086 | D:6      | Noticed a two-headed ogre
  8398 | D:6      | Killed a two-headed ogre
  8399 | D:6      | Reached skill level 11 in Stealth
  9915 | D:7      | Identified the +9 rapier of Disorder {vorpal, rElec rPois
                  | Stlth+}
 10205 | D:7      | Identified the +9 short sword of Pojux {freeze, MP+9 Int+5
                  | Dex+2}
 10621 | D:7      | Reached XP level 11. HP: 50/87 MP: 19/19
 10822 | D:8      | Found a broken altar of Ashenzari.
 10936 | D:8      | Found a staircase to the Lair.
 10998 | D:8      | Reached skill level 5 in Conjurations
 10998 | D:8      | Reached skill level 5 in Hexes
 10998 | D:8      | Reached skill level 5 in Summonings
 10998 | D:8      | Reached skill level 5 in Necromancy
 10998 | D:8      | Reached skill level 5 in Translocations
 10998 | D:8      | Reached skill level 5 in Transmutations
 10998 | D:8      | Reached skill level 5 in Fire Magic
 10998 | D:8      | Reached skill level 5 in Ice Magic
 10998 | D:8      | Reached skill level 5 in Air Magic
 10998 | D:8      | Reached skill level 5 in Earth Magic
 10998 | D:8      | Reached skill level 5 in Poison Magic
 11218 | D:8      | Noticed a boulder beetle
 11218 | D:8      | Noticed a centaur warrior
 11231 | D:8      | Killed a boulder beetle
 11249 | D:8      | Killed a centaur warrior
 11656 | D:8      | Found an ancient bone altar of Kikubaaqudgha.
 11656 | D:8      | Found a shadowy altar of Dithmenos.
 11657 | D:8      | Found a blossoming altar of Fedhas.
 13227 | D:10     | Entered Level 10 of the Dungeon
 13267 | D:10     | Learned a level 1 spell: Foxfire
 13271 | D:10     | Learned a level 3 spell: Frozen Ramparts
 13276 | D:10     | Learned a level 4 spell: Flame Wave
 13281 | D:10     | Learned a level 4 spell: Summon Ice Beast
 13353 | D:10     | Found Nushroet's Antique Armour Shop.
 14089 | D:11     | Found a stormy altar of Qazlal.
 14096 | D:11     | Noticed a cyclops
 14110 | D:11     | Killed a cyclops
 14402 | D:11     | Noticed Snorg
 14421 | D:11     | Killed Snorg
 14663 | D:11     | Reached XP level 12. HP: 59/96 MP: 22/22
 15073 | D:12     | Noticed Maurice
 15092 | D:12     | Killed Maurice
 15346 | D:12     | Noticed a two-headed ogre
 15355 | D:12     | Killed a two-headed ogre
 15542 | D:12     | Found a runed translucent door.
 15543 | D:12     | Noticed a fire dragon
 15544 | D:12     | Noticed an ice dragon
 15545 | D:12     | Noticed a fire dragon
 15547 | D:12     | Noticed an ice dragon
 15551 | D:12     | Found the +2 shield of Resistance {rF++ rC++ Will++}
 15552 | D:12     | Found a runed translucent door.
 15775 | D:11     | Learned a level 4 spell: Ice Form
 15887 | Lair:1   | Entered Level 1 of the Lair of Beasts
 16265 | Lair:1   | Reached skill level 12 in Stealth
 16965 | Lair:2   | Reached skill level 10 in Fighting
 17365 | Lair:2   | Found a staircase to the Swamp.
 17575 | Lair:2   | Noticed a six-headed hydra
 17582 | Lair:2   | Killed a six-headed hydra
 17631 | Lair:2   | Found a runed translucent door.
 17631 | Lair:2   | Found a shimmering altar of Xom.
 17631 | Lair:2   | Noticed Roefeuw's ghost (journeyman OgHu)
 17874 | Lair:2   | Found a staircase to the Snake Pit.
 17902 | Lair:2   | Slain by a yak

Illustrated notes

Levels and vault maps discovered:
D:1:      dpeg_arrival_stonehenge_8_columns, layout_rooms,
          shapermc_ecumenical_altar_notcrosses
D:2:      layout_loops_ring, fountainhead
D:3:      layout_loops_corners, marbit_many_paths, serial_shops,
          nicolae_diamond_shop, serial_bayou_ford_a, dk_vineyard_1
D:4:      minmay_evil_eye, layout_basic, makhleb_heckhound_becter,
          minmay_temple_entry_crystal_x, serial_glass, glass_columns_a,
          glass_columns_c, glass_columns_a, glass_columns_a, glass_columns_c,
          uniq_blork_the_orc
D:5:      layout_cave_pods, kennysheep_mini, mainiacjoe_overflow_alcove_4,
          lemuel_round_altar, serial_park_tiny_1, minmay_hedge_maze
D:6:      layout_cave_pools, lightli_church_of_beogh, uniq_prince_ribbit1,
          uniq_pikel, uniq_menkaure
D:7:      layout_loops_cross, minmay_joined_circles, uniq_joseph
D:8:      layout_loops_cross, gammafunk_temple_overflow_claw,
          nicolae_ashenzari_panopticon, due_lair_maze_entry_diamond,
          minmay_small_thing
D:9:      layout_basic
D:10:     layout_basic, serial_shops, nicolae_shop_advertising_works
          [nicolae_subvault_shop_adworks]
D:11:     layout_long_grid, chequers_serial_rivers_micro_b, st_stairs_12,
          nicolae_concentric_dashed_squares_mild, grunt_qazlal_sundering,
          uniq_snorg
D:12:     layout_roguey [special_room_orc], minmay_orc_entry_guard_dogs,
          minmay_guarded_unrand_resistance, uniq_maurice
Lair:1:   layout_concentric_octagons, serial_bayou_pond_a
Lair:2:   layout_hall_layers, nicolae_swamp_entry_splash_gauntlet,
          guppyfry_snake_entry_island, ebering_ghost_xom,
          grunt_forest_small_clearings

Skill      XL: |  1  2  3  4  5  6  7  8  9 10 11 12 |
---------------+-------------------------------------+-----
Stealth        | 10 11 12 | 12.2
Invocations    | 1 2 3 4 5 6 7 8 |  8.5
Short Blades   | 1 2 3 5 6 7 |  7.8
Long Blades    | 1 2 3 5 6 7 |  7.8
Maces & Flails | 1 2 3 5 6 7 |  7.8
Polearms       | 1 2 3 5 6 7 |  7.8
Staves         | 1 2 3 5 6 7 |  7.8
Slings         | 1 2 3 5 6 7 |  7.8
Bows           | 1 2 3 5 6 7 |  7.8
Crossbows      | 1 2 3 5 6 7 |  7.8
Throwing       | 1 2 3 5 6 7 |  7.8
Armour         | 1 2 3 5 6 7 |  7.8
Shields        | 1 2 3 5 6 7 |  7.8
Unarmed Combat | 1 2 3 5 6 7 |  7.8
Spellcasting   | 1 2 3 5 6 7 |  7.8
Evocations     | 1 2 3 5 6 7 |  7.8
Conjurations   | 1 2 3 4 5 6 |  6.4
Hexes          | 1 2 3 4 5 6 |  6.4
Summonings     | 1 2 3 4 5 6 |  6.4
Necromancy     | 1 2 3 4 5 6 |  6.4
Translocations | 1 2 3 4 5 6 |  6.4
Transmutations | 1 2 3 4 5 6 |  6.4
Fire Magic     | 1 2 3 4 5 6 |  6.4
Ice Magic      | 1 2 3 4 5 6 |  6.4
Air Magic      | 1 2 3 4 5 6 |  6.4
Earth Magic    | 1 2 3 4 5 6 |  6.4
Poison Magic   | 1 2 3 4 5 6 |  6.4
Axes           | 5 6 7 8 9 |  9.1
Dodging        | 5 6 7 8 9 |  9.1
Fighting       | 7 8 9 10 | 10.2

Action                   |  1- 3 |  4- 6 |  7- 9 | 10-12 || total
-------------------------+-------+-------+-------+-------++-------
Melee: Hand axe          |    72 |       |       |       ||    72
       Bite              |     6 |    13 |    23 |    54 ||    96
       Punch             |     2 |     2 |    10 |     5 ||    19
       Short sword       |     8 |   133 |   170 |       ||   311
       Kick              |       |     4 |    16 |     2 ||    22
       Headbutt          |       |     2 |    13 |     2 ||    17
       Dagger            |       |       |     1 |       ||     1
       War axe           |       |       |    56 |    62 ||   118
       Unarmed           |       |       |    22 |   212 ||   234
       Rapier            |       |       |       |   451 ||   451
 Cast: Beastly Appendage |       |    10 |    10 |     1 ||    21
       Spider Form       |       |       |     2 |    15 ||    17
       Fulminant Prism   |       |       |       |     3 ||     3
       Foxfire           |       |       |       |    11 ||    11
       Frozen Ramparts   |       |       |       |     4 ||     4
       Summon Ice Beast  |       |       |       |     3 ||     3
       Flame Wave        |       |       |       |     2 ||     2
       Ice Form          |       |       |       |     1 ||     1
Evoke: Wand              |       |     4 |    25 |     1 ||    30
  Use: Scroll            |     4 |     6 |     4 |    27 ||    41
       Potion            |     1 |       |     5 |     6 ||    12
 Stab: Sleeping          |     9 |    20 |     5 |    27 ||    61
       Distracted        |       |     1 |     1 |     4 ||     6
Armor: Leather armour    |    25 |    43 |    71 |    92 ||   231
       Skin              |       |       |     1 |    26 ||    27
       Ring mail         |       |       |       |    48 ||    48
       Acid dragon scale |       |       |       |    19 ||    19
       Troll leather arm |       |       |       |    23 ||    23
Dodge: Dodged            |    44 |    88 |   176 |   512 ||   820
Block: Buckler           |       |       |       |   130 ||   130

Table legend: (Time is in decaauts)
 A = Elapsed time spent in this place.
 B = Non-inter-level travel time spent in this place.
 C = Inter-level travel time spent in this place.
 D = Time resting spent in this place.
 E = Time spent auto-exploring this place.
 F = Levels seen in this place.
 G = Mean time per level.
                   A        B        C        D        E       F      G
               +--------+--------+--------+--------+--------+-----+--------+
         Total |  17811 |  17065 |    746 |   3920 |   9698 |  14 | 1272.2 |
       Dungeon |  15814 |  15084 |    730 |   3478 |   8528 |  12 | 1317.8 |
          Lair |   1996 |   1980 |     16 |    442 |   1170 |   2 |  998.0 |
               +--------+--------+--------+--------+--------+-----+--------+

Top non-repeatable levels by time:
     D:7: 2687 daAuts
     D:6: 2405 daAuts
     D:5: 1745 daAuts
     D:3: 1433 daAuts
     D:4: 1415 daAuts
     D:8: 1188 daAuts
    D:11: 1087 daAuts
  Lair:1: 1012 daAuts
     D:9: 1005 daAuts
  Lair:2: 984 daAuts
    D:10: 855 daAuts
     D:2: 698 daAuts
     D:1: 652 daAuts
    D:12: 639 daAuts
